 Dungeon Crawl Stone Soup version 0.23-a0-767-gdc19b93d68 (webtiles) character file.

95 Hercules1031 the Ducker (level 4, -7/23 HPs)
             Began as a Spriggan Monk on Jan 27, 2019.
             Killed from afar by an orc wizard (11 damage)
             ... with a puff of frost
             ... on level 3 of the Dungeon.
             The game lasted 00:04:32 (2629 turns).

Hercules1031 the Ducker (Spriggan Monk)             Turns: 2629, Time: 00:04:33

Health: -7/23      AC:  2    Str:  7    XL:     4   Next: 40%
Magic:  5/5        EV: 21    Int: 11    God:
Gold:   121        SH:  0    Dex: 19    Spells: 3/3 levels left

rFire    . . .     SeeInvis +   a - +0 short sword
rCold    . . .     Gourm    .   (shield restricted)
rNeg     . . .     Faith    .   b - +0 robe
rPois    .         Spirit   .   (helmet restricted)
rElec    .         Reflect  .   (no cloak)
rCorr    .         Harm     .   (gloves unavailable)
MR       .....                  (boots unavailable)
Stlth    +++.......             (no amulet)
HPRegen  0.07/turn              (no ring)
MPRegen  0.09/turn              (no ring)

@: very quick
A: very small, unfitting armour, see invisible, herbivore, speed 3, slow
metabolism 2
a: no special abilities


You were on level 3 of the Dungeon.
You were not hungry.

You visited 1 branch of the dungeon, and saw 3 of its levels.

You collected 121 gold pieces.

Inventory:

Hand Weapons
 a - a +0 short sword (weapon)
Armour
 b - a +0 robe (worn)
Scrolls
 d - a scroll of identify
 e - a scroll of fear
 f - a scroll of amnesia {unknown}
 g - a scroll of blinking {unknown}
 h - 2 scrolls of teleportation {unknown}
 j - a scroll of fog {unknown}
Comestibles
 c - 6 rations


   Skills:
 + Level 2.9 Fighting
 + Level 3.9 Short Blades
 + Level 5.1 Dodging
 * Level 5.1 Stealth


You had 3 spell levels left.
You didn't know any spells.
Your spell library was empty.

Dungeon Overview and Level Annotations

Branches:
Dungeon (3/15)

Altars:
Ashenzari
Fedhas
The Shining One


Innate Abilities, Weirdness & Mutations

You are very small and have problems with some larger weapons.
You are too small for most types of armour.
You have supernaturally acute eyesight. (SInv)
You are a herbivore.
You cover ground extremely quickly.
You need to consume almost no food.


Message History

The orc closely misses you.
As you read the scroll of fear, it crumbles to dust.
You assume a fearsome visage.
The orc looks frightened!
The orc wizard looks frightened!
The orc looks frightened!
The orc wizard casts a spell.
The orc wizard flickers and vanishes for a moment.
You barely miss the orc wizard.
The orc wizard is lightly wounded.
You hit the orc wizard but do no damage.
Your attack snaps the orc wizard out of its fear.
The orc wizard is lightly wounded.
The orc wizard misses you.
You completely miss the orc wizard.
The orc wizard is lightly wounded.
The orc wizard closely misses you.
You miss the orc wizard.
The orc wizard is lightly wounded.
The orc wizard gestures at you while chanting.
The puff of frost hits you!
You die...

..# #..# ..# ... .. #.
......# ###o###...
.......## #....o....
..... ..###....####
......#.##........#
.....
......#.##...######
#.... ..≈≈≈.#...@o##
#.... ...≈....†)≈##
#.... .....#...≈≈## +
+...#
....###.≈≈..####.#
#...# .# #≈..≈........#
#....
#≈........#########)...
#≈≈..≈≈≈.............##
##≈#.≈#####.#........##
#≈≈.≈# ##.##.........


You could see an orc wizard (invisible) and 2 orcs.

Vanquished Creatures
  5 adders
  2 leopard geckos
  2 orcs (D:3)
  3 ball pythons
  9 bats
  3 giant cockroaches
  3 goblins
  A hobgoblin (D:1)
  4 jackals (D:1)
  2 quokkas (D:2)
  A frilled lizard (D:3)
  8 kobolds
  5 rats
  A plant (D:1)
49 creatures vanquished.

Notes
Turn   | Place    | Note
-------+----------+-------------------------------------------
     0 | D:1      | Hercules1031 the Spriggan Monk began the quest for the Orb.
     0 | D:1      | Reached XP level 1. HP: 11/11 MP: 2/2
   121 | D:1      | Reached XP level 2. HP: 13/16 MP: 3/3
   931 | D:2      | Reached XP level 3. HP: 10/19 MP: 4/4
  1094 | D:2      | Found a glowing golden altar of the Shining One.
  1180 | D:2      | Found a shattered altar of Ashenzari.
  1287 | D:2      | Found a blossoming altar of Fedhas.
  1816 | D:2      | Reached skill level 5 in Dodging
  2169 | D:3      | Reached XP level 4. HP: 23/23 MP: 5/5
  2330 | D:3      | Reached skill level 5 in Stealth
  2629 | D:3      | Killed from afar by an orc wizard

Vault maps used:
D:1:      dpeg_arrival_snail, serial_bayou_lagoon_a, minmay_tetromino_l2
D:2:      tso_altar, fedhas_altar_4, ashenzari_altar_1
D:3:      serial_rivers, chequers_serial_rivers_micro_c,
          chequers_serial_rivers_micro_c, chequers_serial_rivers_small_b,
          chequers_serial_rivers_room_b, first_ration,
          kennysheep_decorative_pillar, uniq_robin, uniq_terence, uniq_natasha

Skill      XL: |  1  2  3  4 |
---------------+-------------+-----
Stealth        | 4 5 |  5.1
Dodging        | 5 |  5.1
Fighting       | |  2.9
Short Blades   | |  3.9

Action                   |  1- 3 |  4- 6 || total
-------------------------+-------+-------++-------
Melee: Short sword       |   250 |    57 ||   307
  Use: Potion            |     3 |       ||     3
       Scroll            |       |     2 ||     2
 Stab: Sleeping          |     8 |     1 ||     9
Armor: Robe              |     9 |     3 ||    12
Dodge: Dodged            |   145 |    71 ||   216

Table legend:
 A = Non-vault XP
 B = Vault XP
 C = Vault XP percentage of total XP
 D = Non-vault monster count
 E = Vault monster count
 F = Vault count percentage of total count
                 A         B        C        D         E       F
            +---------+---------+-------+---------+---------+-------
      Total |     134 |       3 |   2.2 |      46 |       2 |   4.2
            +---------+---------+-------+---------+---------+-------
        D:1 |      33 |       3 |   8.3 |      20 |       2 |   9.1
        D:2 |      60 |       0 |   0.0 |      15 |       0 |   0.0
        D:3 |      41 |       0 |   0.0 |      11 |       0 |   0.0
            +---------+---------+-------+---------+---------+-------
